 Dungeon Crawl Stone Soup version 0.28-a0-819-g6ef7baa362 (webtiles) character file.

Game seed: 4737949896636733123

339 Tinkle the Chopper (level 6, 0/56 HPs)
             Began as a Minotaur Berserker on Nov 9, 2021.
             Was a Believer of Trog.
             Succumbed to a water moccasin's poison
             ... on level 6 of the Dungeon.
             The game lasted 00:05:02 (2525 turns).

Tinkle the Chopper (Minotaur Berserker)             Turns: 2525, Time: 00:05:03

Health: 0/56       AC:  5    Str: 23    XL:     6   Next: 29%
Magic:  5/5        EV: 11    Int:  4    God:    Trog [**....]
Gold:   104        SH:  0    Dex: 10    Spells: 5/5 levels left

rFire   . . .      SeeInvis .   a - +0 hand axe
rCold   . . .      Faith    .   (no shield)
rNeg    . . .      Spirit   .   o - +0 ring mail
rPois   .          Reflect  .   (helmet restricted)
rElec   .          Harm     .   (no cloak)
rCorr   .          Rampage  .   (no gloves)
Will    .....                   (no boots)
Stlth   ..........              (no amulet)
HPRegen 0.18/turn               (no ring)
MPRegen 0.09/turn               (no ring)

@: lethally poisoned (0 -> -5)
A: horns 2, retaliatory headbutt
a: Renounce Religion, Berserk, Trog's Hand


You were on level 6 of the Dungeon.
You worshipped Trog.
Trog was pleased with you.
You visited 1 branch of the dungeon, and saw 5 of its levels.

You collected 104 gold pieces.

Inventory:

Hand Weapons
 a - a +0 hand axe (weapon)
Missiles
 h - 3 atropa-tipped darts
 n - 27 poisoned darts (quivered)
Armour
 o - a +0 ring mail (worn)
Jewellery
 i - a ring of protection from fire
Wands
 b - a wand of flame (11)
Scrolls
 c - a scroll of magic mapping {unknown}
 d - 2 scrolls of identify {unknown}
 g - a scroll of amnesia {unknown}
 k - a scroll of immolation {unknown}
 l - a scroll of teleportation {unknown}
 m - a scroll of noise {unknown}
Potions
 e - a potion of heal wounds {unknown}
 f - 2 potions of curing {unknown}
 j - a potion of brilliance {unknown}


   Skills:
 - Level 5.0 Fighting
 + Level 7.9 Axes
 - Level 2.4 Armour
 - Level 2.1 Dodging


You had 5 spell levels left.
You didn't know any spells.
Your spell library was empty.

Dungeon Overview and Level Annotations

Branches:
Dungeon (4/15)
 Temple: D:4-7

Altars:
Elyvilon
Okawaru
Uskayaw


Innate Abilities, Weirdness & Mutations

You have a pair of horns on your head.
You reflexively headbutt those who attack you in melee.


Message History

a +3 dagger of holy wrath; a +0 leather armour; an orc corpse Unknown command.
Found 13 gold pieces.
b - a wand of flame (11)
A water moccasin comes into view.
Found a stone staircase leading down.
The water moccasin hisses angrily.
You see here 13 gold pieces.
Found 13 gold pieces.
You hear the slow rusting of a very distant drain.
The water moccasin closely misses you.
Found a scroll labelled ODEAM ARUCUAPE.
The water moccasin closely misses you.
A white imp comes into view.
The water moccasin closely misses you. The white imp gestures at you.
The puff of frost misses you. The water moccasin bites you.
The water moccasin completely misses you.
You furiously retaliate!
You headbutt the water moccasin.
The white imp hits you but does no damage.
You see here 13 gold pieces.
The white imp barely misses you. The water moccasin closely misses you.
The water moccasin bites you.
* * * LOW HITPOINT WARNING * * *
You are lethally poisoned!
The water moccasin poisons you!
You see here a scroll labelled ODEAM ARUCUAPE.
* * * LOW HITPOINT WARNING * * *
You feel very sick. The water moccasin barely misses you.
* * * LOW HITPOINT WARNING * * *
You feel very sick.
* * * LOW HITPOINT WARNING * * *
You feel very sick. The water moccasin closely misses you.
* * * LOW HITPOINT WARNING * * *
You feel sick.
* * * LOW HITPOINT WARNING * * *
You feel sick.
You die...

...... ............
............
.........(.. #...#
...###
##########...########
#....................
#.....5.........>....
#...@.S...?..........
##......##...##...###
#########...##...##.
#.$..........
#............
#............
#############


You could see a water moccasin and a white imp.

Vanquished Creatures
  2 scorpions
  A water moccasin skeleton (D:6)
  A bullfrog zombie (D:6)
  A centaur zombie (D:6)
  An orc wizard (D:6)
  An adder (D:2)
  4 dart slugs
  3 orcs
  6 bats
  6 endoplasms
  2 giant cockroaches (D:1)
  7 goblins
  8 hobgoblins
  3 jackals (D:3)
  2 kobolds (D:2)
  2 quokkas
  3 ball pythons
  3 frilled lizards
  3 rats
59 creatures vanquished.

Notes
Turn   | Place    | Note
-------+----------+-------------------------------------------
     0 | D:1      | Tinkle the Minotaur Berserker began the quest for the Orb.
     0 | D:1      | Reached XP level 1. HP: 19/19 MP: 0/0
   189 | D:1      | Reached skill level 4 in Axes
   192 | D:1      | Reached XP level 2. HP: 27/27 MP: 1/1
   785 | D:2      | Reached XP level 3. HP: 33/34 MP: 2/2
   958 | D:2      | Reached ** piety under Trog
  1593 | D:3      | Noticed a scorpion
  1600 | D:3      | Killed a scorpion
  1601 | D:3      | Reached skill level 5 in Fighting
  1601 | D:3      | Reached skill level 5 in Axes
  1601 | D:3      | Reached XP level 4. HP: 22/42 MP: 3/3
  1836 | D:3      | Found a white marble altar of Elyvilon.
  1836 | D:3      | Found an iron altar of Okawaru.
  2075 | D:3      | Reached skill level 6 in Axes
  2096 | D:3      | Found a hide-covered altar of Uskayaw.
  2253 | D:4      | You fall into a shaft and drop 2 floors!
  2312 | D:6      | Reached XP level 5. HP: 35/48 MP: 4/4
  2352 | D:6      | Reached skill level 7 in Axes
  2396 | D:6      | Reached XP level 6. HP: 30/56 MP: 5/5
  2493 | D:6      | Noticed a water moccasin
  2523 | D:6      | HP: 2/56 [poisoned by a water moccasin]
  2525 | D:6      | Succumbed to a water moccasin's poison

Illustrated notes

Levels and vault maps discovered:
D:1:      dpeg_arrival_fog, layout_rooms, st_stairs_2
D:2:      layout_loops_ring, chequers_serial_rivers_micro_a
D:3:      layout_rooms, mainiacjoe_overflow_surrounded_room,
          gammafunk_temple_overflow_pools
D:4:      layout_cave_pools, uniq_pikel, uniq_menkaure
D:6:      layout_gridville, nicolae_ru_the_path_less_chosen,
          portal_sewer_entry_e

Skill      XL: |  1  2  3  4  5 |
---------------+----------------+-----
Fighting       | 4 5 |  5.0
Axes           | 4 5 6 7 |  7.9
Armour         | |  2.4
Dodging        | |  2.1

Action                   |  1- 3 |  4- 6 || total
-------------------------+-------+-------++-------
Melee: Hand axe          |    72 |    56 ||   128
       Headbutt          |    13 |     8 ||    21
Throw: Dart              |       |     1 ||     1
Armor: Animal skin       |    11 |       ||    11
       Ring mail         |       |    17 ||    17
Dodge: Dodged            |    44 |    37 ||    81

Table legend: (Time is in decaauts)
 A = Elapsed time spent in this place.
 B = Non-inter-level travel time spent in this place.
 C = Inter-level travel time spent in this place.
 D = Time resting spent in this place.
 E = Time spent auto-exploring this place.
 F = Levels seen in this place.
 G = Mean time per level.
                   A        B        C        D        E       F      G
               +--------+--------+--------+--------+--------+-----+--------+
         Total |   2528 |   2399 |    129 |    382 |   1580 |   5 |  505.6 |
       Dungeon |   2528 |   2399 |    129 |    382 |   1580 |   5 |  505.6 |
               +--------+--------+--------+--------+--------+-----+--------+

Top non-repeatable levels by time:
     D:2: 814 daAuts
     D:1: 782 daAuts
     D:3: 660 daAuts
     D:6: 269 daAuts
     D:4: 1 daAuts
